 Dungeon Crawl Stone Soup version 0.18-a0-1243-g9e52518 (webtiles) character file.

2 Duffy the Ruffian (level 1, 0/17 HPs)
             Began as a Ghoul Gladiator on Feb 5, 2016.
             Slain by a goblin (1 damage)
             ... led by Robin
             ... on level 2 of the Dungeon.
             The game lasted 00:00:16 (135 turns).

Duffy the Ruffian (Ghoul Gladiator)                  Turns: 135, Time: 00:00:17

Health: 0/17       AC:  4    Str: 18    XL:     1   Next: 40%
Magic:  0/0        EV: 12    Int:  3    God:
Gold:   33         SH:  0    Dex:  9    Spells: 0 memorised, 0 levels left

rFire  . . .     SeeInvis .       - Unarmed
rCold  + . .     Gourm    .     a - +0 leather armour
rNeg   + + +     Faith    .     (no shield)
rPois  ∞         Spirit   .     b - +0 helmet
rElec  .         Dismiss  .     (no cloak)
rCorr  .         Reflect  .     (no gloves)
SustAt .         Harm     .     (no boots)
MR     .....                    (no amulet)
Stlth  +.........               (no ring)
                                (no ring)

@: rotting, not resistant to hostile enchantments, very unstealthy
A: rotting body, claws 1, carnivore 3, cold resistance 1, negative energy
resistance 3, slow regeneration 1, torment resistance, unbreathing
a: no special abilities


You were on level 2 of the Dungeon.
You were not hungry.

You visited 1 branch of the dungeon, and saw 2 of its levels.

You collected 33 gold pieces.


Innate Abilities, Weirdness & Mutations

Your body is rotting away.
You thrive on raw meat.
You are immune to poison.
You have sharp fingernails.
You are carnivorous and can eat meat at any time.
Your flesh is cold resistant.
You are immune to negative energy.
You regenerate slowly when monsters are visible.
You are immune to unholy pain and torment.
You can survive without breathing.


   Skills:
 - Level 2.1 Fighting
 - Level 1.7 Throwing
 - Level 2.6 Dodging
 + Level 3.5 Unarmed Combat


You couldn't memorise any spells.
You didn't know any spells.

Inventory:

Missiles
 c - 3 throwing nets (quivered)
Armour
 a - a +0 leather armour (worn)
 b - a +0 helmet (worn)
Potions
 e - a potion of curing {unknown}
Comestibles
 d - a meat ration
 f - 4 chunks of flesh

Dungeon Overview and Level Annotations

Branches:
Dungeon (2/15)

Altars:

Annotations:
D:2 Robin


Message History

You barely miss the goblin.
The goblin shouts!
The goblin hits you with a club. The goblin closely misses you.
A kobold comes into view.
You barely miss the goblin. The hobgoblin hits you with a club.
The goblin hits you but does no damage.
A goblin comes into view. It is wielding a club.
You completely miss the goblin.
The goblin shouts!
The goblin barely misses you.
The hobgoblin hits you but does no damage.
The goblin barely misses you.
You closely miss the goblin. The goblin closely misses you.
Robin throws the goblin at you! The goblin completely misses you.
The hobgoblin barely misses you.
A goblin comes into view. It is wielding a dagger.
You barely miss the goblin.
The goblin shouts!
The goblin completely misses you. The goblin hits you but does no damage.
Robin says, "A pitiful Ghoul like you will never find the ORB!"
The hobgoblin hits you with a club. The goblin hits you with a club.
You barely miss the goblin. The goblin closely misses you.
The goblin misses you.
Robin roars a battlecry!
The goblins go into a battle-frenzy!
The goblin hits you with a club.
The hobgoblin hits you but does no damage.
You scratch the goblin.
The goblin is moderately wounded.
The goblin barely misses you. The goblin hits you.
You barely miss the goblin.
The goblin is moderately wounded.
The hobgoblin barely misses you. The goblin hits you with a club.
The goblin completely misses you. The goblin hits you.
You die...

#########
#.......# #
#########.#####.#
..# ..........#
#g###Kg...
#####..#..#
#g@gggg...
##........#
###ggg....
.........(#
g##.#+#
###.##..### .# #
...<..#.# ..
#..##.#..# ..
#...#.##.# ...
..[.# # .# ...
###.#


You could see Robin, 2 hobgoblins, 8 goblins and a kobold.

Action                   || total
-------------------------++-------
Melee: Unarmed           ||    13

Notes
Turn   | Place    | Note
--------------------------------------------------------------
     0 | D:1      | Duffy the Ghoul Gladiator began the quest for the Orb.
     0 | D:1      | Reached XP level 1. HP: 17/17 MP: 0/0
   126 | D:2      | Noticed Robin
   135 | D:2      | Slain by a goblin

Vault maps used:
D:1:      grunt_arrival_lava_bath, minmay_liquid_box
D:2:      fedhas_altar_3, minmay_circled_x, uniq_robin, uniq_jessica,
          uniq_terence

Vanquished Creatures
  2 ball pythons
  A kobold
3 creatures vanquished.
